 Dungeon Crawl Stone Soup version 0.24-a0-451-g263dff2034 (webtiles) character file.

Game seed: 10776366904844440808

39 Mrkan the Skirmisher (level 3, 0/33 HPs)
             Began as a Hill Orc Abyssal Knight on June 26, 2019.
             Was a Follower of Lugonu.
             Slain by a worm (5 damage)
             ... on level 2 of the Dungeon.
             The game lasted 00:02:48 (935 turns).

Mrkan the Skirmisher (Hill Orc Abyssal Knight)       Turns: 935, Time: 00:02:48

Health: 0/33       AC:  8    Str: 15    XL:     3   Next: 45%
Magic:  5/5        EV:  6    Int: 12    God:    Lugonu [*.....]
Gold:   123        SH:  0    Dex: 10    Spells: 2/2 levels left

rFire    . . .     SeeInvis .   b - -3 hand axe (curse)
rCold    . . .     Gourm    .   (no shield)
rNeg     . . .     Faith    .   f - +0 chain mail
rPois    .         Spirit   .   (no helmet)
rElec    .         Reflect  .   (no cloak)
rCorr    .         Harm     .   (no gloves)
MR       .....                  (no boots)
Stlth    ..........             (no amulet)
HPRegen  0.11/turn              (no ring)
MPRegen  0.09/turn              (no ring)

@: no status effects
A: no striking features
a: Depart the Abyss, Renounce Religion


You were on level 2 of the Dungeon.
You worshipped Lugonu.
Lugonu was aware of your devotion.
You were not hungry.

You visited 1 branch of the dungeon, and saw 2 of its levels.
You visited the Abyss 1 time.

You collected 123 gold pieces.

Inventory:

Hand Weapons
 a - a +1 hand axe
 b - a cursed -3 hand axe (weapon)
Missiles
 l - 2 curare-tipped darts (quivered)
Armour
 f - a +0 chain mail (worn)
Scrolls
 i - a scroll of teleportation {unknown}
 k - a scroll of remove curse {unknown}
Potions
 e - a potion of cancellation {unknown}
 g - a potion of ambrosia {unknown}
 h - 2 potions of agility
 j - a potion of magic {unknown}
Comestibles
 c - 4 rations
 d - 3 chunks of flesh


   Skills:
 + Level 4.1 Fighting
 * Level 4.0 Axes
 - Level 2.1 Armour
 - Level 0.7 Dodging
 + Level 3.2 Invocations


You had 2 spell levels left.
You didn't know any spells.
Your spell library was empty.

Dungeon Overview and Level Annotations

Branches:
Dungeon (2/15)

Altars:


Message History

A bat comes into view.
You open the door. You hit the worm.
The worm is heavily wounded.
You hit the worm but do no damage.
The worm is heavily wounded.
The worm bites you.
* * * LOW HITPOINT WARNING * * *
You hit the worm but do no damage.
The worm is heavily wounded.
The worm completely misses you.
You barely miss the worm.
The worm is heavily wounded.
The worm barely misses you.
You hit the worm.
The worm is heavily wounded.
You hit the worm.
The worm is almost dead.
The worm bites you.
You die...

#.. ###.....# #..
#......## #..
#......#
....#####.##......#
..................#
#.
.................#
..
#.........###'###
.# #.........# #..#
..
#.........####@#.#
#..........w...#
#......####.#..#
#......# #.....#
#..(w..# #.....#
#......# #.#...#
#......# #. ##.#
#####......# #. .#
...........# ## ..


You could see a worm.

Vanquished Creatures
  An adder (D:2)
  An ooze (D:1)
  A dart slug (D:1)
  A leopard gecko (D:1)
  2 hobgoblins (D:1)
  7 jackals
  2 bats (D:1)
  2 frilled lizards (D:1)
  A goblin (D:1)
  2 kobolds
  2 rats (D:2)
22 creatures vanquished.

Notes
Turn   | Place    | Note
-------+----------+-------------------------------------------
     0 | Abyss:1  | Mrkan the Hill Orc Abyssal Knight began the quest for the
                  | Orb.
     0 | Abyss:1  | Reached XP level 1. HP: 19/19 MP: 2/2
    61 | Abyss:1  | Noticed a quasit
    71 | Abyss:1  | Noticed a reaper
   108 | Abyss:3  | Noticed an ettin
   108 | Abyss:3  | Noticed an ettin
   134 | D:1      | Escaped the Abyss
   277 | D:1      | Reached XP level 2. HP: 18/27 MP: 4/4
   397 | D:1      | Reached * piety under Lugonu
   789 | D:2      | Reached XP level 3. HP: 33/33 MP: 5/5
   935 | D:2      | Slain by a worm

Levels and vault maps discovered:
D:1:      minmay_arrival_cross, layout_loops_ring
D:2:      layout_basic, nicolae_overflow_crystal_walls, minmay_split_cup_large

Skill      XL: |  1  2  3 |
---------------+----------+-----
Axes           | 3 4 |  4.0
Invocations    | 3 |  3.2
Fighting       | 4 |  4.1
Armour         | |  2.1
Dodging        | |  0.7

Action                   || total
-------------------------++-------
Melee: Hand axe          ||   101
Invok: Depart the Abyss  ||     1
  Use: Scroll            ||     2
Armor: Chain mail        ||    70
       Leather armour    ||     1
Dodge: Dodged            ||    49

Table legend:
 A = Non-vault XP
 B = Vault XP
 C = Vault XP percentage of total XP
 D = Non-vault monster count
 E = Vault monster count
 F = Vault count percentage of total count
                 A         B        C        D         E       F
            +---------+---------+-------+---------+---------+-------
      Total |      56 |       0 |   0.0 |      22 |       0 |   0.0
            +---------+---------+-------+---------+---------+-------
        D:1 |      32 |       0 |   0.0 |      14 |       0 |   0.0
        D:2 |      24 |       0 |   0.0 |       8 |       0 |   0.0
            +---------+---------+-------+---------+---------+-------
